 Dungeon Crawl Stone Soup version 0.21.1-1-g345015f (webtiles) character file.

4872 Inchmeat the Fighter (level 10, 0/85 HPs)
             Began as a Gnoll Wanderer on June 14, 2018.
             Was a Believer of Kikubaaqudgha.
             Slain by an orc
             ... wielding a +0 short sword
              (1 damage)
             ... on level 8 of the Dungeon.
             The game lasted 00:17:35 (10999 turns).

Inchmeat the Fighter (Gnoll Wanderer)              Turns: 10999, Time: 00:17:35

Health: 0/85       AC: 10    Str: 18    XL:     10   Next: 50%
Magic:  14/17      EV: 12    Int: 14    God:    Kikubaaqudgha [**....]
Gold:   434        SH:  0    Dex: 15    Spells: 14/19 levels left

rFire    . . .     SeeInvis .   C - +2 scimitar
rCold    . . .     Gourm    .   (no shield)
rNeg     + . .     Faith    .   n - +1 scale mail
rPois    .         Spirit   .   (no helmet)
rElec    .         Reflect  .   j - scarf {cloud immunity}
rCorr    .         Harm     .   (no gloves)
MR       .....                  (no boots)
Stlth    ++........             (no amulet)
HPRegen  1.24/turn              k - ring of positive energy
MPRegen  0.15/turn              w - +2 ring of protection

@: regenerating (expiring)
A: distributed training, fangs 1, strong nose
a: Receive Corpses, Renounce Religion


You were on level 8 of the Dungeon.
You worshipped Kikubaaqudgha.
Kikubaaqudgha was pleased with you.
You were not hungry.

You visited 2 branches of the dungeon, and saw 11 of its levels.

You collected 434 gold pieces.

Inventory:

Hand Weapons
 a - a +2 shortbow
 e - the +4 mace "Purghiuss" {distort, *Corrode rPois Int+4 Stlth+}
   (You found it on level 10 of the Dungeon)

   It warps and distorts space around it.
   Unwielding it can cause banishment or high damage.
   It affects your intelligence (+4).
   It protects you from poison.
   It may corrode you when you take damage.
   It makes you more stealthy.
 v - a +0 great sword
 C - a +2 scimitar (weapon)
Missiles
 b - 117 arrows
Armour
 j - a scarf of cloud immunity (worn)
 l - a +0 ring mail of magic resistance
 n - a +1 scale mail (worn)
Magical Staves
 F - an uncursed staff of fire
Jewellery
 k - a ring of positive energy (left hand)
 w - a +2 ring of protection (right hand)
Wands
 h - a wand of scattershot (5)
 u - a wand of iceblast (9)
 B - a wand of clouds (1)
 D - a wand of flame (40)
Scrolls
 c - a scroll of identify {@r1}
 g - 10 scrolls of remove curse {@r2}
 r - 3 scrolls of enchant armour
 x - a scroll of amnesia
Potions
 o - a potion of mutation {!q}
Books
 d - Kikubaaqudgha's Almanac of Black Secrets
   (Kikubaaqudgha gifted it to you on level 8 of the Dungeon)

   Spells                             Type                      Level
   a - Animate Skeleton               Necromancy                   1
   b - Pain                           Necromancy                   1
   c - Sublimation of Blood           Necromancy                   2
   d - Regeneration                   Charms/Necromancy            3
Comestibles
 f - 10 rations


   Skills:
 + Level 10.0 Fighting
 + Level 5.2 Short Blades
 + Level 5.9 Long Blades
 + Level 5.2 Axes
 + Level 5.2 Maces & Flails
 + Level 5.2 Polearms
 + Level 5.2 Staves
 + Level 5.2 Slings
 + Level 5.9 Bows
 + Level 5.2 Crossbows
 + Level 7.0 Throwing
 + Level 5.9 Armour
 + Level 5.2 Dodging
 + Level 5.8 Stealth
 + Level 5.2 Shields
 + Level 5.2 Unarmed Combat
 + Level 5.2 Spellcasting
 + Level 4.3 Conjurations
 + Level 4.3 Hexes
 + Level 4.3 Charms
 + Level 4.3 Summonings
 + Level 4.3 Necromancy
 + Level 4.3 Translocations
 + Level 4.3 Transmutations
 + Level 4.3 Fire Magic
 + Level 4.3 Ice Magic
 + Level 4.3 Air Magic
 + Level 4.3 Earth Magic
 + Level 4.3 Poison Magic
 + Level 5.7 Invocations
 + Level 5.2 Evocations


You had 14 spell levels left.
You knew the following spells:

 Your Spells              Type           Power        Failure   Level  Hunger
a - Animate Skeleton      Necr           N/A          9%          1    None
b - Regeneration          Chrm/Necr      ###.......   24%         3    ###....
c - Pain                  Necr           ###.         9%          1    None


Dungeon Overview and Level Annotations

Branches:
Dungeon (10/15)            Temple (1/1) D:6
   Lair: D:8-11         Orc: D:9-12

Altars:
Ashenzari
Cheibriados
Dithmenos
Elyvilon
Fedhas
Gozag
Hepliaklqana
Kikubaaqudgha
Makhleb
Nemelex Xobeh
Okawaru
Qazlal
Ru
Sif Muna
Trog
Uskayaw
Vehumet
Wu Jian
Xom
Yredelemnul
Zin
The Shining One

Shops:
D:5 %


Innate Abilities, Weirdness & Mutations

Your experience applies equally to all skills.
You have very sharp teeth.
Your uncanny sense of smell can sniff out nearby items.


Message History

Tha crocodile bites ye!
* * * LOW HITPOINT WARNIN'
* * * Ye hit tha crocodile but do nay damage.
Tha crocodile be heavily wounded.
Tha crocodile barely misses ye.
Tha orc barely misses ye.
Unknown command.
Okay, than.
Okay, than.
Okay, than.
Cast which spell? (? or * ta list) Yer skin crawls.
Yer skin be crawlin' a little less now.
Tha crocodile barely misses ye.
Ye riposte.
Ye slash tha crocodile!
Tha crocodile be almost dead.
Tha orc priest mumbles some strange prayers ta Beogh against ye.
Beogh smites ye!
* * * LOW HITPOINT WARNIN'
* * * Tha orc hits ye wit' a short sword.
Ye die...
Kikubaaqudgha rasps: "Ye haf failed me!
Welcome... death!"

#.####....
#....
.......
####..#
#..# #..#
# #..#
#.#.### #.
#.ost@#
#..roo#
.....#on.
.... .....
...
#.###.. ..
#. ...∆ .
.. ..##
.## .#


You could see a crocodile, a necrophage, a scorpion, an orc priest, 3 orcs and a
quokka.

Vanquished Creatures
  Pikel (D:7)
  Grinder (D:3)
  Prince Ribbit (D:6)
  A hippogriff (D:8)
  Sigmund (D:6)
  A yak (D:9)
  Eustachio (D:5)
  A steam dragon (D:9)
  Duvessa (D:5)
  2 ice beasts (D:10)
  A phantom (D:9)
  5 ogres
  An eye of draining (D:10)
  A slave (D:7)
  A necrophage (D:10)
  2 crocodiles (D:9)
  A centaur (D:6)
  A bullfrog (D:7)
  Dowan (D:5)
  A wyvern skeleton (D:10)
  2 scorpions
  5 wights (D:7)
  2 howler monkeys
  7 crimson imps
  6 hounds
  A quasit (D:6)
  2 bullfrog zombies
  A jelly (D:5)
  An orc priest (D:8)
  4 orc wizards
  An iron imp (D:9)
  A bullfrog skeleton (D:4)
  2 iguanas (D:7)
  7 worker ants
  A worker ant zombie (D:6)
  Robin (D:2)
  4 gnolls
  5 adders
  An ooze (D:6)
  An adder skeleton (D:8)
  A dart slug (D:4)
  A worm (D:2)
  8 leopard geckos
  25 orcs
  2 ball pythons
  8 bats
  7 giant cockroaches
  14 goblins
  8 hobgoblins
  9 jackals
  2 quokkas (D:6)
  3 frilled lizards
  A jackal zombie (D:6)
  9 kobolds
  7 rats
186 creatures vanquished.

Vanquished Creatures (collateral kills)
  An unseen horror (D:10)
1 creature vanquished.

Vanquished Creatures (others)
  2 howler monkeys (D:7)
  2 jackals (D:9)
  4 fungi (D:9)
  6 plants (D:9)
14 creatures vanquished.

Grand Total: 201 creatures vanquished

Notes
Turn   | Place    | Note
-------+----------+-------------------------------------------
     0 | D:1      | Inchmeat the Gnoll Wanderer began the quest for the Orb.
     0 | D:1      | Inchmeat set off with: a +2 shortbow, 21 arrows, a +0 spear, a +0 falchion, a +0 robe, a ration
     0 | D:1      | Reached XP level 1. HP: 26/26 MP: 1/1
   387 | D:1      | Reached XP level 2. HP: 33/33 MP: 2/2
   685 | D:1      | Reached XP level 3. HP: 21/38 MP: 3/3
  1214 | D:1      | Reached skill level 1 in Invocations
  1806 | D:2      | Reached skill level 1 in Short Blades
  1806 | D:2      | Reached skill level 1 in Axes
  1806 | D:2      | Reached skill level 1 in Maces & Flails
  1806 | D:2      | Reached skill level 1 in Polearms
  1806 | D:2      | Reached skill level 1 in Staves
  1806 | D:2      | Reached skill level 1 in Slings
  1806 | D:2      | Reached skill level 1 in Crossbows
  1806 | D:2      | Reached skill level 1 in Dodging
  1806 | D:2      | Reached skill level 1 in Shields
  1806 | D:2      | Reached skill level 1 in Unarmed Combat
  1806 | D:2      | Reached skill level 1 in Spellcasting
  1806 | D:2      | Reached skill level 1 in Evocations
  1822 | D:2      | Reached XP level 4. HP: 42/45 MP: 5/5
  2134 | D:2      | Noticed Robin
  2173 | D:2      | Killed Robin
  2184 | D:2      | Reached skill level 1 in Conjurations
  2184 | D:2      | Reached skill level 1 in Hexes
  2184 | D:2      | Reached skill level 1 in Charms
  2184 | D:2      | Reached skill level 1 in Summonings
  2184 | D:2      | Reached skill level 1 in Necromancy
  2184 | D:2      | Reached skill level 1 in Translocations
  2184 | D:2      | Reached skill level 1 in Transmutations
  2184 | D:2      | Reached skill level 1 in Fire Magic
  2184 | D:2      | Reached skill level 1 in Ice Magic
  2184 | D:2      | Reached skill level 1 in Air Magic
  2184 | D:2      | Reached skill level 1 in Earth Magic
  2184 | D:2      | Reached skill level 1 in Poison Magic
  2573 | D:3      | Found a shattered altar of Ashenzari.
  2788 | D:3      | Reached XP level 5. HP: 51/51 MP: 6/6
  3582 | D:4      | Noticed an ogre
  3895 | D:3      | Killed an ogre
  3895 | D:3      | Reached XP level 6. HP: 53/57 MP: 8/8
  4312 | D:4      | Reached skill level 5 in Throwing
  4552 | D:4      | Found a hazy altar of Hepliaklqana.
  4553 | D:4      | Found a shimmering altar of Xom.
  4554 | D:4      | Noticed a spectral ugly thing
  4715 | D:4      | Noticed Grinder
  4739 | D:3      | Paralysed by Grinder for 2 turns
  4745 | D:3      | Killed Grinder
  4745 | D:3      | Reached XP level 7. HP: 19/63 MP: 10/10
  5054 | D:5      | Entered Level 5 of the Dungeon
  5140 | D:5      | Noticed Eustachio
  5170 | D:5      | Killed Eustachio
  5170 | D:5      | Reached skill level 9 in Fighting
  5760 | D:5      | Reached XP level 8. HP: 71/71 MP: 12/12
  5874 | D:5      | Noticed Duvessa
  5874 | D:5      | Noticed Dowan
  5897 | D:5      | Killed Duvessa
  5910 | D:5      | Killed Dowan
  6301 | D:5      | Found Quys's Food Boutique.
  6911 | D:6      | Noticed Sigmund
  6939 | D:6      | Killed Sigmund
  7135 | D:6      | Found a staircase to the Ecumenical Temple.
  7192 | Temple   | Entered the Ecumenical Temple
  7318 | Temple   | Became a worshipper of Kikubaaqudgha
  7378 | D:6      | Reached XP level 9. HP: 48/76 MP: 14/14
  7561 | D:6      | Found a bloodstained altar of Trog.
  7591 | D:6      | Noticed Prince Ribbit
  7890 | D:6      | Found a shadowy altar of Dithmenos.
  7891 | D:6      | Found a hide-covered altar of Uskayaw.
  7938 | D:6      | Killed Prince Ribbit
  8254 | D:6      | Found an iron altar of Okawaru.
  8430 | D:7      | Noticed Pikel
  8456 | D:7      | Killed Pikel
  8456 | D:7      | Reached skill level 5 in Long Blades
  8456 | D:7      | Reached skill level 5 in Bows
  8456 | D:7      | Reached skill level 5 in Armour
  8756 | D:7      | Reached skill level 5 in Stealth
  9643 | D:8      | Reached * piety under Kikubaaqudgha
  9643 | D:8      | Identified Kikubaaqudgha's Almanac of Black Secrets (Kikubaaqudgha gifted it to you on level 8 of the Dungeon)
  9643 | D:8      | Received a gift from Kikubaaqudgha
  9658 | D:8      | Learned a level 1 spell: Animate Skeleton
  9662 | D:8      | Learned a level 3 spell: Regeneration
  9664 | D:8      | Learned a level 1 spell: Pain
  9813 | D:8      | Reached skill level 5 in Invocations
  9954 | D:8      | You fall through a shaft for 2 floors!
  9954 | D:10     | Entered Level 10 of the Dungeon
  9969 | D:10     | Killed an unseen horror
  9969 | D:10     | Reached XP level 10. HP: 54/85 MP: 17/17
 10181 | D:10     | Got an ivory mace
 10182 | D:10     | Identified the +4 mace "Purghiuss" {distort, *Corrode rPois Int+4 Stlth+} (You found it on level 10 of the Dungeon)
 10302 | D:10     | Reached skill level 5 in Short Blades
 10302 | D:10     | Reached skill level 5 in Axes
 10302 | D:10     | Reached skill level 5 in Maces & Flails
 10302 | D:10     | Reached skill level 5 in Polearms
 10302 | D:10     | Reached skill level 5 in Staves
 10302 | D:10     | Reached skill level 5 in Slings
 10302 | D:10     | Reached skill level 5 in Crossbows
 10302 | D:10     | Reached skill level 5 in Dodging
 10302 | D:10     | Reached skill level 5 in Shields
 10302 | D:10     | Reached skill level 5 in Unarmed Combat
 10302 | D:10     | Reached skill level 5 in Spellcasting
 10302 | D:10     | Reached skill level 5 in Evocations
 10523 | D:9      | Found a snail-covered altar of Cheibriados.
 10547 | D:9      | Reached skill level 10 in Fighting
 10584 | D:9      | Reached ** piety under Kikubaaqudgha
 10916 | D:9      | Noticed a two-headed ogre
 10999 | D:8      | HP: 1/85 [orc priest/divine providence (9)]
 10999 | D:8      | Slain by an orc

Skill      XL: |  1  2  3  4  5  6  7  8  9 10 |
---------------+-------------------------------+-----
Invocations    | 1 2 3 4 5 |  5.7
Short Blades   | 1 2 3 4 5 |  5.2
Axes           | 1 2 3 4 5 |  5.2
Maces & Flails | 1 2 3 4 5 |  5.2
Polearms       | 1 2 3 4 5 |  5.2
Staves         | 1 2 3 4 5 |  5.2
Slings         | 1 2 3 4 5 |  5.2
Crossbows      | 1 2 3 4 5 |  5.2
Dodging        | 1 2 3 4 5 |  5.2
Shields        | 1 2 3 4 5 |  5.2
Unarmed Combat | 1 2 3 4 5 |  5.2
Spellcasting   | 1 2 3 4 5 |  5.2
Evocations     | 1 2 3 4 5 |  5.2
Conjurations   | 1 2 3 4 |  4.3
Hexes          | 1 2 3 4 |  4.3
Charms         | 1 2 3 4 |  4.3
Summonings     | 1 2 3 4 |  4.3
Necromancy     | 1 2 3 4 |  4.3
Translocations | 1 2 3 4 |  4.3
Transmutations | 1 2 3 4 |  4.3
Fire Magic     | 1 2 3 4 |  4.3
Ice Magic      | 1 2 3 4 |  4.3
Air Magic      | 1 2 3 4 |  4.3
Earth Magic    | 1 2 3 4 |  4.3
Poison Magic   | 1 2 3 4 |  4.3
Long Blades    | 3 4 5 |  5.9
Bows           | 3 4 5 |  5.9
Armour         | 3 4 5 |  5.9
Stealth        | 3 4 5 |  5.8
Throwing       | 5 6 7 |  7.0
Fighting       | 9 10 | 10.0

Action                   |  1- 3 |  4- 6 |  7- 9 | 10-12 || total
-------------------------+-------+-------+-------+-------++-------
Melee: Falchion          |    99 |   191 |    91 |       ||   381
       Bite              |    15 |    23 |    48 |    28 ||   114
       Long sword        |       |       |   186 |       ||   186
       Scimitar          |       |       |    68 |   119 ||   187
       Punch             |       |       |     5 |     3 ||     8
 Fire: Shortbow          |       |    17 |    78 |       ||    95
Throw: Throwing net      |       |       |       |     1 ||     1
 Cast: Regeneration      |       |       |       |     1 ||     1
Evoke: Wand              |       |       |     2 |       ||     2
  Use: Potion            |       |     6 |     1 |     5 ||    12
       Scroll            |       |     5 |     4 |     6 ||    15
 Stab: Sleeping          |     2 |       |     3 |     1 ||     6
       Distracted        |     1 |       |     1 |       ||     2
       Confused          |       |       |     2 |       ||     2
  Eat: Chunk             |     3 |     9 |    10 |     2 ||    24
       Ration            |       |       |     2 |     1 ||     3
Armor: Robe              |    34 |       |       |       ||    34
       Scale mail        |       |    96 |   187 |    46 ||   329
Dodge: Dodged            |    98 |   119 |   247 |   105 ||   569
       Rpst.: Falchion   |    23 |    38 |    17 |       ||    78
       Long sword        |       |       |    32 |       ||    32
       Scimitar          |       |       |    14 |    25 ||    39
